 Dungeon Crawl Stone Soup version 0.31.0-32-g396128a36d (webtiles) character file.

Game seed: 13669053514849479878

526 hamd0g the Covered (level 7, 0/54 HPs)
             Began as a Human Fighter on Mar 28, 2024.
             Succumbed to a water moccasin's poison
             ... on level 5 of the Dungeon.
             The game lasted 00:15:37 (5029 turns).

hamd0g the Covered (Human Fighter)                  Turns: 5029, Time: 00:15:38

Health: 0/54       AC:  7    Str: 17    XL:     7   Next: 23%
Magic:  12/12      EV:  9    Int:  8    God:
Gold:   354        SH:  5    Dex: 14    Spells: 11/11 levels left

rFire   . . .        a - +0 long sword
rCold   . . .        c - +0 buckler
rNeg    . . .        b - +0 scale mail
rPois   .            (no helmet)
rElec   .            (no cloak)
rCorr   .            (no gloves)
SInv    .            (no boots)
Will    .....        (no amulet) Stlth
                     (no ring)
HPRegen 0.29/turn    (no ring)
MPRegen 0.13/turn

%: no passive effects
@: lethally poisoned (0 -> -7), about to teleport
A: explore regen, high MP 1, MP-powered wands
a: no special abilities


You were on level 5 of the Dungeon.
You visited 1 branch of the dungeon, and saw 5 of its levels.

You collected 354 gold pieces.

Inventory:

Hand Weapons
 a - a +0 long sword (weapon)
Armour
 b - a +0 scale mail (worn)
 c - a +0 buckler (worn)
Scrolls
 d - a scroll of identify


   Skills:
 + Level 4.0 Fighting
 + Level 4.1 Long Blades
 + Level 4.6 Armour
 + Level 1.8 Dodging
 + Level 3.8 Shields
 * Level 2.6 Spellcasting


You had 11 spell levels left.
You didn't know any spells.
Your spell library was empty.

Dungeon Overview and Level Annotations

Branches:
Dungeon (5/15)             Temple (0/1) D:5

Altars:
Wu Jian
The Shining One

Shops:
D:3 [

Annotations:
D:2 1 runed translucent door, Crazy Yiuf
D:3 Ijyb


Innate Abilities, Weirdness & Mutations

You regain HP and MP as you explore.
You have an increased reservoir of magic. (+10% MP)
You expend magic power (3 MP) to strengthen your wands.


Message History

The water moccasin bites you but does no damage.
The water moccasin bites you!
You are poisoned.
The water moccasin poisons you!
You hit the water moccasin but do no damage.
The water moccasin is almost dead.
You feel very sick. The water moccasin barely misses you.
You are too injured to fight recklessly!
You are too injured to fight recklessly!
You are too injured to fight recklessly!
You completely miss the water moccasin.
The water moccasin is almost dead.
You feel very sick. The water moccasin barely misses you.
The water moccasin closely misses you.
You barely miss the water moccasin.
The water moccasin is almost dead.
You feel sick. The water moccasin bites you.
You are lethally poisoned!
The water moccasin poisons you! The water moccasin bites you.
You closely miss the water moccasin.
The water moccasin is almost dead.
* * * LOW HITPOINT WARNING * * *
You feel very sick. You block the water moccasin's attack.
You aren't carrying any potions.
Blink to where?
Press: ? - help, Dir - move target
As you read the scroll of blinking, it crumbles to dust.
* * * LOW HITPOINT WARNING * * *
You feel very sick.
You aren't carrying any potions.
As you read the scroll of teleportation, it crumbles to dust.
You feel strangely unstable.
* * * LOW HITPOINT WARNING * * *
You feel very sick.
* * * LOW HITPOINT WARNING * * *
You feel very sick.
Items here: ))) [[ ††.
You die...

......#..$.............#...######
.####............###...#...# .#
###.........## ##......# .#
#.........########.#.# .#
#..................#.## .#
####.....#.#########..##### .#
#..'.....'.........+.....'> .#
####..)..#.#######.#.....#. ##
#.....#@# #.......#. #.....#)#
#.......#. #[....#)# #.....###.
#######S## #.....# #. #####..####
#..<..# #. ##.........# #.....#
#. ............# ####### #.
.......#....# #. ..........### #.


You could see a water moccasin.

Vanquished Creatures
  2 scorpions (D:3)
  A hound (D:4)
  A jelly (D:4)
  Natasha (D:1)
  3 iguanas (D:4)
  An orc wizard (D:5)
  3 gnolls (D:4)
  10 adders
  A shadow imp (D:5)
  3 ribbon worms
  3 dart slugs
  5 orcs
  6 bats
  7 endoplasms
  6 giant cockroaches
  5 goblins
  6 hobgoblins
  6 kobolds
  3 quokkas
  10 ball pythons
  6 frilled lizards
  4 rats
93 creatures vanquished.

Vanquished Creatures (others)
  An orc wizard (D:5)
1 creature vanquished.

Grand Total: 94 creatures vanquished

Notes
Turn   | Place    | Note
-------+----------+-------------------------------------------
     0 | D:1      | hamd0g the Human Fighter began the quest for the Orb.
     0 | D:1      | Reached XP level 1. HP: 18/18 MP: 1/1
    70 | D:1      | Reached XP level 2. HP: 24/24 MP: 2/2
   286 | D:1      | Reached XP level 3. HP: 28/29 MP: 3/3
   709 | D:2      | Noticed Natasha
   876 | D:1      | Killed Natasha
   877 | D:1      | Reached XP level 4. HP: 25/35 MP: 3/5
  1037 | D:2      | Reached skill level 1 in Spellcasting
  1155 | D:2      | Reached skill level 1 in Dodging
  1253 | D:2      | Found a runed translucent door.
  1254 | D:2      | Noticed Crazy Yiuf
  1567 | D:3      | Noticed a scorpion
  1584 | D:3      | Killed a scorpion
  1585 | D:3      | Reached XP level 5. HP: 8/41 MP: 5/7
  1737 | D:3      | Found Qik Ox Pyli's Armour Shop.
  1811 | D:3      | Noticed Ijyb
  2110 | D:4      | Reached XP level 6. HP: 44/48 MP: 8/8
  3725 | D:3      | Reached XP level 7. HP: 6/53 MP: 10/10
  4053 | D:3      | Gained mutation: You expend magic power (3 MP) to
                  | strengthen your wands. [potion of mutation]
  4053 | D:3      | Gained mutation: You have an increased reservoir of magic.
                  | (+10% MP) [potion of mutation]
  4193 | D:5      | Entered Level 5 of the Dungeon
  4552 | D:5      | Found a glowing golden altar of the Shining One.
  4598 | D:5      | Found an ornate altar of the Wu Jian Council.
  4859 | D:5      | Found the +1 Delatra's gloves {ID++}
  5012 | D:5      | Found a staircase to the Ecumenical Temple.
  5028 | D:5      | HP: 2/54 [poisoned by a water moccasin]
  5029 | D:5      | Succumbed to a water moccasin's poison

Illustrated notes

Levels and vault maps discovered:
D:1:      dpeg_arrival_tiny_k, layout_loops_ring
D:2:      minmay_angry_zag, layout_rooms, nicolae_twisty_statue_hallways,
          uniq_terence, uniq_natasha, uniq_crazy_yiuf_cottage
D:3:      layout_basic, serial_shops, shop_coins, minmay_starry_boxes, uniq_ijyb
D:4:      layout_rooms
D:5:      layout_basic, mainiacjoe_overflow_tiny_flanked,
          nicolae_overflow_crystal_walls, mainiacjoe_overflow_chevrons,
          minmay_temple_entry_slanted, serial_co_window_serial,
          co_window_corner_a, co_window_of_opportunity_a, co_window_paths_a,
          co_window_paths_b, co_window_corner_a, co_window_broadway_c,
          co_window_cross_3, co_window_2corner, co_window_cross_4,
          co_window_paths_d, co_window_4corner_a, glass_columns_a

Skill      XL: |  1  2  3  4  5  6  7 |
---------------+----------------------+-----
Spellcasting   | 1 2 |  2.6
Dodging        | 1 |  1.8
Long Blades    | 3 4 |  4.1
Armour         | 4 |  4.6
Fighting       | 4 |  4.0
Shields        | |  3.8

Action                     |  1- 3 |  4- 6 |  7- 9 || total
---------------------------+-------+-------+-------++-------
  Melee: Long sword        |   106 |   287 |    96 ||   489
    Use: Potion            |       |     8 |     3 ||    11
         Scroll            |       |     5 |     5 ||    10
 Armour: Scale mail        |   115 |   280 |   138 ||   533
  Dodge: Dodged            |    61 |   172 |    41 ||   274
  Block: Buckler           |    50 |    92 |    24 ||   166
